 Dungeon Crawl Stone Soup version 0.19.0-20-gbc5f0c6 (webtiles) character file.

51 Banto the Cudgeler (level 3, 0/29 HPs)
             Began as a Demonspawn Berserker on Nov 17, 2016.
             Was a Believer of Trog.
             Slain by a goblin (4 damage)
             ... led by Robin
             ... on level 2 of the Dungeon.
             The game lasted 00:01:27 (993 turns).

Banto the Cudgeler (Demonspawn Berserker)            Turns: 993, Time: 00:01:27

Health: 0/29       AC:  6    Str: 17    XL:     3   Next: 57%
Magic:  3/3        EV: 12    Int:  8    God:    Trog [**....]
Gold:   60         SH:  0    Dex: 13    Spells: 0 memorised, 2 levels left

rFire  . . .     SeeInvis .     a - +0 mace
rCold  . . .     Gourm    .     b - +0 animal skin
rNeg   . . .     Faith    .     (no shield)
rPois  .         Spirit   .     (no helmet)
rElec  .         Reflect  .     (no cloak)
rCorr  .         Harm     .     (no gloves)
MR     .....                    (no boots)
Stlth  +.........               (no amulet)
                                (no ring)
                                (no ring)

@: no status effects
A: iridescent scales 2
a: Berserk, Trog's Hand, Burn Spellbooks, Renounce Religion


You were on level 2 of the Dungeon.
You worshipped Trog.
Trog was pleased with you.
You were not hungry.

You visited 1 branch of the dungeon, and saw 2 of its levels.

You collected 60 gold pieces.

Inventory:

Hand Weapons
 a - a +0 mace (weapon)
Armour
 b - a +0 animal skin (worn)
Scrolls
 e - 2 scrolls of recharging {unknown}
 f - a scroll of enchant armour {unknown}
 i - a scroll of immolation {unknown}
Potions
 d - 2 potions of degeneration {unknown}
Comestibles
 c - 2 bread rations
 g - 4 fruits
 h - 2 chunks of flesh
 j - a slice of pizza
 k - a meat ration


   Skills:
 - Level 3.0 Fighting
 + Level 4.2 Maces & Flails
 - Level 1.7 Armour
 - Level 1.7 Dodging


You had 2 spell levels left.
You didn't know any spells.

Dungeon Overview and Level Annotations

Branches:
Dungeon (2/15)

Altars:
Qazlal
Yredelemnul

Annotations:
D:2 Robin


Innate Abilities, Weirdness & Mutations

You are mostly covered in iridescent scales. (AC +4)


Message History

You hit the goblin.
The goblin is moderately wounded.
The hobgoblin closely misses you. The goblin hits you but does no damage.
You hit the hobgoblin but do no damage.
The hobgoblin is almost dead.
The hobgoblin misses you.
You hit the hobgoblin but do no damage.
The hobgoblin is almost dead.
The hobgoblin hits you with a club! x2
* * * LOW HITPOINT WARNING * * *
You take 16 damage, and have 4/29 hp.
MASSIVE DAMAGE!!
You barely miss the hobgoblin.
The hobgoblin is almost dead.
The hobgoblin barely misses you.
You hit the hobgoblin.
You kill the hobgoblin!
Trog accepts your kill. Robin throws the goblin at you!
The goblin barely misses you. Robin throws the goblin at you!
The goblin hits you.
You die...

#...................#
#...................#####.
#.........................
#.........................
####................######
#....#.....#.....#
#..##.###.#.##...##
#.##g⌠.###.8.##...# ## #.#
##.#@###.####..## ##. ...
#.#g#.#.#. #...###.# ..
♣.###)8.# #.⌠.#..##..# #.#
#.#g#.#.#.#.......# ##
#g#.###.####....#.## #.g
## ⌠.##.#....... ##.
##.##.....#. g# ..#
#..##... . ..# ##..##..#


You could see Robin and 2 goblins.

Vanquished Creatures
  An adder (D:2)
  2 leopard geckos
  3 bats (D:1)
  8 goblins
  7 hobgoblins
  4 jackals (D:1)
  3 kobolds (D:1)
  A quokka (D:2)
  A ball python (D:1)
  2 rats (D:1)
32 creatures vanquished.

Notes
Turn   | Place    | Note
-------+----------+-------------------------------------------
     0 | D:1      | Banto the Demonspawn Berserker began the quest for the Orb.
     0 | D:1      | Reached XP level 1. HP: 18/18 MP: 1/1
    80 | D:1      | Reached skill level 3 in Maces & Flails
   120 | D:1      | Gained mutation: You are partially covered in iridescent scales. (AC +2) [demonic ancestry]
   120 | D:1      | Reached XP level 2. HP: 13/24 MP: 2/2
   413 | D:1      | You fall through a shaft!
   419 | D:2      | Gained mutation: You are mostly covered in iridescent scales. (AC +4) [demonic ancestry]
   419 | D:2      | Reached XP level 3. HP: 12/29 MP: 3/3
   477 | D:2      | Reached ** piety under Trog
   739 | D:1      | Reached skill level 4 in Maces & Flails
   899 | D:2      | Found a basalt altar of Yredelemnul.
   900 | D:2      | Found a stormy altar of Qazlal.
   975 | D:2      | Noticed Robin
   993 | D:2      | Slain by a goblin

Skill      XL: |  1  2  3 |
---------------+----------+-----
Maces & Flails | 3 4 |  4.2
Fighting       | |  3.0
Armour         | |  1.7
Dodging        | |  1.7

Action                   || total
-------------------------++-------
Melee: Mace              ||   114
Invok: Berserk           ||     1
  Use: Potion            ||     1
  Eat: Chunk             ||     1
Armor: Animal skin       ||    51
Dodge: Dodged            ||   121

Table legend:
 A = Turns spent in this place as a percentage of turns spent in the entire game.
 B = Non-inter-level travel turns spent in this place as a percentage of non-inter-level travel turns spent in the entire game.
 C = Inter-level travel turns spent in this place as a percentage of turns spent in this place.
 D = Turns resting spent in this place as a percentage of non-inter-level travel turns spent in this place.
 E = Turns spent auto-exploring this place as a percentage of non-inter-level travel turns spent in this place.
 F = Non-inter-level travel turns spent in this place divided by the number of levels of this place that you've seen.
                   A       B       C       D       E      F
               +-------+-------+-------+-------+-------+----------------------
         Total | 100.0 | 100.0 |   0.8 |   2.8 |  10.4 | 177.5
       Dungeon | 100.0 | 100.0 |   0.8 |   2.8 |  10.4 | 177.5
               +-------+-------+-------+-------+-------+----------------------

Table legend:
 A = Kills in this place as a percentage of kills in entire the game.
 B = Kills by you in this place as a percentage of kills by you in the entire game.
 C = Kills by friends in this place as a percentage of kills by friends in the entire game.
 D = Other kills in this place as a percentage of other kills in the entire game.
 E = Experience gained in this place as a percentage of experience gained in the entire game.
 F = Experience gained in this place divided by the number of levels of this place that you have seen.
                   A       B       C       D       E      F
               +-------+-------+-------+-------+-------+----------------------
         Total | 100.0 | 100.0 |  -nan |  -nan | 100.0 |  36.5
       Dungeon | 100.0 | 100.0 |  -nan |  -nan | 100.0 |  36.5
               +-------+-------+-------+-------+-------+----------------------
